 Dungeon Crawl Stone Soup version 0.17-a0-744-gaa96792 (webtiles) character file.

333 xeno23 the Chiller (level 6, -3/41 HPs)
             Began as a Merfolk Ice Elementalist on Apr 21, 2015.
             Shot with an arrow by a centaur (13 damage)
             ... on level 4 of the Dungeon.
             The game lasted 00:15:25 (3593 turns).

xeno23 the Chiller (Merfolk Ice Elementalist)       Turns: 3593, Time: 00:15:25

Health: -3/41      AC:  3    Str:  8    XL:     6   Next: 53%
Magic:  1/10       EV: 18    Int: 16    God:
Gold:   138        SH:  0    Dex: 15    Spells: 3 memorised, 2 levels left

rFire  . . .     SeeInvis .     j - +2 whip (venom)
rCold  . . .     Clarity  .     a - +0 robe
rNeg   . . .     SustAb   .     (no shield)
rPois  +         Gourm    .     (no helmet)
rElec  .         Spirit   .     (no cloak)
rCorr  .         Warding  .     i - +0 pair of gloves
rMut   .         Stasis   .     (no boots)
MR     .....                    (no amulet)
Stlth  ++........               x - ring of poison resistance
                                p - +5 ring of evasion

@: very slightly contaminated, not resistant to hostile enchantments, unstealthy
A: change form in water, swift swim
a: no special abilities


You were on level 4 of the Dungeon.
You were hungry.

You visited 1 branch of the dungeon, and saw 6 of its levels.
You also visited: Sewer.

You collected 171 gold pieces.
You spent 33 gold pieces at shops.

Inventory:

Hand weapons
 j - a +2 whip of venom (weapon)
Missiles
 k - 3 javelins (quivered)
Armour
 a - a +0 robe (worn)
 i - a +0 pair of gloves (worn)
Jewellery
 o - an uncursed ring of positive energy
 p - a +5 ring of evasion (left hand)
 x - a ring of poison resistance (right hand)
Potions
 d - 2 potions of heal wounds {unknown}
 e - 3 potions of invisibility {unknown}
 g - a potion of haste
 h - a potion of ambrosia {unknown}
 n - 2 potions of curing
 r - 2 potions of restore abilities {unknown}
 s - a potion of berserk rage {unknown}
 u - a potion of flight {unknown}
Books
 b - a book of Frost

   Spells                             Type                      Level
   a - Freeze                         Ice                          1
   b - Throw Frost                    Conjuration/Ice              2
   c - Ozocubu's Armour               Charms/Ice                   3
   d - Throw Icicle                   Conjuration/Ice              4
   e - Summon Ice Beast               Ice/Summoning                4
   f - Condensation Shield            Ice                          4
 t - a book of Callings

   Spells                             Type                      Level
   a - Summon Small Mammal            Summoning                    1
   b - Call Imp                       Summoning                    2
   c - Call Canine Familiar           Summoning                    3
   d - Summon Guardian Golem          Hexes/Summoning              3
   e - Summon Lightning Spire         Summoning/Air                4
   f - Summon Ice Beast               Ice/Summoning                4
Comestibles
 c - 2 bread rations
 f - 4 meat rations
 l - a slice of pizza
 m - 8 fruits
 q - 3 chunks of flesh
 v - a beef jerky


   Skills:
 - Level 2.6 Dodging
 - Level 2.1 Stealth
 + Level 2.7 Spellcasting
   Level 0.7 Conjurations
 * Level 3.2 Summonings
 + Level 6.3 Ice Magic


You had 2 spell levels left.
You knew the following spells:

 Your Spells              Type           Power        Failure   Level  Hunger
a - Freeze                Ice            ###.         1%          1    #......
c - Summon Ice Beast      Ice/Summ       ###.....     34%         4    #####..
x - Ozocubu's Armour      Chrm/Ice       ##......     17%         3    ###....


Dungeon Overview and Level Annotations

Branches:
Dungeon (6/15)
 Temple: D:4-7

Altars:
Sif Muna

Shops:
D:5 %   D:6 ![

Annotations:
D:3 nono's ghost, average DsGl
D:6 Menkaure


Message History

The centaur shouts!
Casting: Summon Ice Beast
Confirm with . or Enter, or press ? or * to list all spells.
You miscast Summon Ice Beast.
You are very lightly contaminated with residual magic.
You feel a strange surge of energy!
The centaur wields a shortbow.
The centaur shoots an arrow.
The arrow hits you!
The centaur shoots an arrow.
The arrow misses you.
You take 8 damage.
Casting: Summon Ice Beast
Confirm with . or Enter, or press ? or * to list all spells.
You miscast Summon Ice Beast.
Frost spreads across the the floor.
You are feeling hungry.
The centaur shoots an arrow.
The arrow hits you!
* * * LOW HITPOINT WARNING * * *
You take 8 damage.
The centaur shoots an arrow.
The arrow completely misses you.
The centaur shoots an arrow.
The arrow completely misses you.
The centaur shoots an arrow.
The arrow hits you!
You die...

# ********.***.,* #
#.# *..# # #.# *..# #
#(# *..# # #.# *..#
#### #.# *.(#
...##########.###..#
..............(....#
(..###..........@..#
.#.....######(#...##
..(##### #.#.#.#* #.##
#.#....#** #.#
#.c......* #.#
###....#.# #.***
*#.#.##.# *.*,**
*....#*,*
,,,,,*********..###*,*


You could see a centaur.

Vanquished Creatures
  A big kobold (Sewer)
  A scorpion (D:6)
  An iguana (D:4)
  An orc wizard (D:5)
  A hound skeleton (D:4)
  6 adders
  4 river rats
  A worm (D:2)
  3 giant geckos
  4 orcs
  7 bats
  9 goblins
  8 hobgoblins
  6 jackals
  9 kobolds
  4 giant cockroaches
  3 giant newts
  11 rats
80 creatures vanquished.

Vanquished Creatures (collateral kills)
  A ball python skeleton (D:4)
1 creature vanquished.

Grand Total: 81 creatures vanquished

Notes
Turn   | Place    | Note
--------------------------------------------------------------
     0 | D:1      | xeno23, the Merfolk Ice Elementalist, began the quest for the Orb.
     0 | D:1      | Reached XP level 1. HP: 13/13 MP: 3/3
   300 | D:1      | Reached XP level 2. HP: 17/19 MP: 3/5
   327 | D:1      | Reached skill level 4 in Ice Magic
  1088 | D:2      | Found a deep blue altar of Sif Muna.
  1152 | D:2      | Reached XP level 3. HP: 11/24 MP: 1/6
  1741 | D:2      | Reached skill level 5 in Ice Magic
  1867 | D:2      | Reached XP level 4. HP: 30/30 MP: 4/7
  1883 | D:2      | Learned a level 4 spell: Summon Ice Beast
  2486 | D:3      | Reached skill level 1 in Summonings
  2761 | D:3      | Noticed nono's ghost (average DsGl)
  2774 | D:3      | You fall through a shaft!
  2774 | D:6      | Found Ankaxer's Antique Armour Emporium.
  2789 | D:6      | Noticed an ogre
  2818 | D:6      | Found Ruorr's Distillery.
  2824 | D:6      | Bought a potion of curing for 33 gold pieces
  2834 | D:6      | Noticed Menkaure
  2867 | D:6      | Reached XP level 5. HP: 33/35 MP: 8/8
  2897 | D:5      | Entered Level 5 of the Dungeon
  2897 | D:5      | Found Reerip's Food Shoppe.
  2949 | D:5      | Noticed a centaur
  2954 | D:5      | Noticed an ogre
  3031 | D:4      | Learned a level 3 spell: Ozocubu's Armour
  3088 | D:4      | Reached skill level 6 in Ice Magic
  3109 | D:4      | Found a glowing drain.
  3113 | Sewer    | Entered a sewer
  3130 | Sewer    | Reached XP level 6. HP: 15/41 MP: 9/9
  3390 | Sewer    | Found a white marble altar of Elyvilon.
  3587 | D:4      | Noticed a centaur
  3593 | D:4      | Shot with an arrow by a centaur

Action                   |  1- 3 |  4- 6 || total
-------------------------+-------+-------++-------
Melee: Unarmed           |    42 |       ||    42
       Whip              |    53 |   147 ||   200
 Cast: Freeze            |    21 |    12 ||    33
       Summon Ice Beast  |       |     1 ||     1
  Use: Scroll            |     2 |     6 ||     8
       Potion            |       |     1 ||     1
 Stab: Sleeping          |       |     2 ||     2
  Eat: Chunk             |     3 |     7 ||    10
